 Seeded DCSS version 0.27.1-3-gb3d3a73c9e (webtiles) character file.

Game seed: 20211018 (custom seed)

58 jessy the Ducker (level 4, -3/34 HPs)
             Began as a Djinni Gladiator on Oct 18, 2021.
             Slain by an orc (5 damage)
             ... on level 4 of the Dungeon.
             The game lasted 00:03:26 (669 turns).

jessy the Ducker (Djinni Gladiator)                  Turns: 669, Time: 00:03:26

Health: -3/34      AC:  4    Str: 13    XL:     4   Next: 21%
Gold:   46         EV: 13    Int: 10    God:
                   SH:  0    Dex: 15

rFire    + + +     SeeInvis .   a - +0 rapier
rCold    . . .     Faith    .   (no shield)
rNeg     . . .     Spirit   .   b - +0 leather armour
rPois    ∞         Reflect  .   c - +0 helmet
rElec    +         Harm     .   (no cloak)
rCorr    +         Rampage  .   (no gloves)
Will     .....                  (boots unavailable)
Stlth    +.........             (no amulet)
HPRegen  0.11/turn              (no ring)
MPRegen  0.00/turn              (no ring)

@: mighty, resistant, flying
A: sickness immunity, fire resistance 2, cold vulnerability 1, float, innate
caster, hp casting, extra vitality 1
a: no special abilities


You were on level 4 of the Dungeon.
You visited 1 branch of the dungeon, and saw 4 of its levels.

You collected 46 gold pieces.

Inventory:

Hand Weapons
 a - a +0 rapier (weapon)
Missiles
 d - 3 throwing nets (quivered)
Armour
 b - a +0 leather armour (worn)
 c - a +0 helmet (worn)


   Skills:
 + Level 2.3 Fighting
 + Level 3.2 Short Blades
 + Level 1.6 Throwing
 + Level 0.7 Armour
 + Level 4.2 Dodging
 + Level 0.1 Stealth


You had 2 spell levels left.
You knew the following spells:

 Your Spells              Type           Power      Damage    Failure   Level
a - Beastly Appendage     Tmut           0%         N/A       43%         1
Your spell library was empty.

Dungeon Overview and Level Annotations

Branches:
Dungeon (4/15)
 Temple: D:4-7

Altars:

Shops:
D:4 !


Innate Abilities, Weirdness & Mutations

You are immune to sickness and miasma.
You are immune to poison.
Your flesh is very heat resistant. (rF++)
You are vulnerable to cold. (rC-)
You float through the air rather than walking.
You learn spells naturally, not from books.
Your magical power is your life essence.
You have superior vitality. (+4 HP)


Message History

The orc priest is lightly wounded.
The orc hits you but does no damage.
The orc priest hits you with a +0 dagger.
The orc barely misses you.
You puncture the orc priest!
The orc priest is heavily wounded.
The orc barely misses you. The orc priest barely misses you.
The orc misses you.
You hit the orc priest but do no damage.
The orc priest is heavily wounded.
The orc hits you but does no damage.
The orc priest hits you with a +0 dagger.
The orc misses you.
There are monsters nearby!
It was a potion of might.
You feel very mighty all of a sudden. The orc hits you with a +0 club.
* * * LOW HITPOINT WARNING * * *
The orc priest hits you with a +0 dagger.
* * * LOW HITPOINT WARNING * * *
The orc hits you but does no damage.
It was a potion of resistance.
You feel protected. The orc barely misses you.
The orc priest barely misses you. The orc hits you with a +0 club.
* * * LOW HITPOINT WARNING * * *
You puncture the orc priest!
You kill the orc priest!
The orc hits you but does no damage. The orc completely misses you.
You have reached level 4!
You feel agile.
You puncture the giant cockroach!
You kill the giant cockroach!
The orc misses you. The orc closely misses you.
The orc hits you but does no damage. The orc misses you.
Things that are here:
a +0 dagger; an orc corpse The orc barely misses you.
You closely miss the orc. The orc hits you with a +0 club.
You die...

##...## ...
##.....# ....
##......## ##....
##....∩...##.....
#.........#....#
#.............#
#.....[....#
#....@o.)<#
#.....o..##
...##......# #
........##
#.....###
#.......
#........
#.......#


You could see 2 orcs.

Vanquished Creatures
  An orc priest (D:4)
  An adder (D:2)
  2 worms (D:2)
  A dart slug (D:2)
  An endoplasm (D:2)
  2 giant cockroaches
  A hobgoblin (D:1)
  A quokka (D:3)
  2 frilled lizards
  2 kobolds (D:2)
  A rat (D:2)
15 creatures vanquished.

Notes
Turn   | Place    | Note
-------+----------+-------------------------------------------
     0 | D:1      | jessy the Djinni Gladiator began the quest for the Orb.
     0 | D:1      | Reached XP level 1. HP: 18/18 MP: 0/0
   129 | D:2      | Reached XP level 2. HP: 23/23 MP: 0/0
   379 | D:2      | Reached skill level 4 in Dodging
   379 | D:2      | Reached XP level 3. HP: 23/28 MP: 0/0
   379 | D:2      | Learned a level 1 spell: Beastly Appendage
   655 | D:4      | Found Qiely's Distillery.
   662 | D:4      | HP: 1/28 [orc (2)]
   664 | D:4      | Reached XP level 4. HP: 1/34 MP: 0/0
   669 | D:4      | Slain by an orc

Illustrated notes

Levels and vault maps discovered:
D:1:      matt_arrival_grand_opening, layout_basic, minmay_close_crescents
D:2:      layout_loops_ring, basic_ecumenical_altar
D:3:      layout_rooms
D:4:      layout_cave_pods, serial_shops, shop, nicolae_shop_firing_range

Skill      XL: |  1  2  3 |
---------------+----------+-----
Dodging        | 4 |  4.2
Short Blades   | 3 |  3.2
Fighting       | |  2.3
Throwing       | |  1.6
Armour         | |  0.7
Stealth        | |  0.1

Action                   |  1- 3 |  4- 6 || total
-------------------------+-------+-------++-------
Melee: Rapier            |    66 |     2 ||    68
  Use: Potion            |     2 |       ||     2
       Scroll            |     1 |       ||     1
Armor: Leather armour    |    18 |     1 ||    19
Dodge: Dodged            |    57 |     4 ||    61
